 Dungeon Crawl Stone Soup version 0.23.1 (webtiles) character file.

Game seed: 7724943730579584354

55 Xenon25 the Ruffian (level 3, -4/36 HPs)
             Began as a Troll Berserker on Mar 13, 2019.
             Was a Believer of Trog.
             Slain by Sigmund
             ... wielding a +2 scythe of freezing
              (5 damage)
             ... on level 2 of the Dungeon.
             The game lasted 00:01:39 (1250 turns).

Xenon25 the Ruffian (Troll Berserker)               Turns: 1250, Time: 00:01:40

Health: -4/36      AC:  6    Str: 26    XL:     3   Next: 67%
Magic:  2/2        EV: 10    Int:  3    God:    Trog [**....]
Gold:   134        SH:  0    Dex:  9    Spells: 2/2 levels left

rFire    . . .     SeeInvis .     - Unarmed
rCold    . . .     Gourm    +   (no shield)
rNeg     . . .     Faith    .   a - +0 animal skin
rPois    .         Spirit   .   (helmet restricted)
rElec    .         Reflect  .   (no cloak)
rCorr    .         Harm     .   (gloves unavailable)
MR       .....                  (boots unavailable)
Stlth    +.........             (no amulet)
HPRegen  0.52/turn              (no ring)
MPRegen  0.08/turn              (no ring)

@: lethally poisoned (-4 -> -4), berserk cooldown, slowed, very slow
A: large, unfitting armour, claws 3, fast metabolism 3, gourmand, regeneration
1, shaggy fur 1, tough skin 3
a: Berserk, Trog's Hand, Renounce Religion


You were on level 2 of the Dungeon.
You worshipped Trog.
Trog was pleased with you.
You were full.

You visited 1 branch of the dungeon, and saw 2 of its levels.

You collected 134 gold pieces.

Inventory:

Armour
 a - a +0 animal skin (worn)
Jewellery
 i - an uncursed ring of ice
Scrolls
 c - a scroll of enchant weapon {unknown}
 f - 5 scrolls of identify {unknown}
 g - a scroll of amnesia {unknown}
 j - a scroll of enchant armour {unknown}
 k - a scroll of fear {unknown}
 n - a scroll of fog {unknown}
Potions
 d - a potion of degeneration {unknown}
 e - a potion of ambrosia {unknown}
 h - 2 potions of heal wounds {unknown}
 l - a potion of curing {unknown}
 m - a potion of haste {unknown}
Comestibles
 b - 3 rations


   Skills:
 + Level 2.7 Fighting
 + Level 2.9 Dodging
 + Level 0.1 Stealth
 + Level 3.8 Unarmed Combat


You had 2 spell levels left.
You didn't know any spells.
Your spell library was empty.

Dungeon Overview and Level Annotations

Branches:
Dungeon (2/15)

Altars:
Gozag

Annotations:
D:2 Sigmund


Innate Abilities, Weirdness & Mutations

You are too large for most types of armour.
You have claws for hands.
Your metabolism is lightning-fast.
You like to eat raw meat.
Your natural rate of healing is unusually fast.
You are covered in fur. (AC +1)
You have extremely tough skin. (AC +3)


Message History

You feel yourself moving faster!
You feel mighty!
You feel a lot less full.
You feel sick.
Sigmund casts a spell.
Sigmund flickers and vanishes!
Deactivating autopickup; reactivate with Ctrl-A.
You feel a strong urge to attack something.
You hear some strange, mumbled words.
A puff of flame appears from out of thin air!
The puff of flame hits you!
* * * LOW HITPOINT WARNING * * *
You feel your anger nearly subside.
You are no longer berserk.
You pass out from exhaustion.
You feel yourself slow down. Something hits you!
* * * LOW HITPOINT WARNING * * *
Something freezes you.
* * * LOW HITPOINT WARNING * * *
You can move again.
* * * LOW HITPOINT WARNING * * *
You feel sick. Something hits you.
You die...

####### #.....# .. ########
#?....# . . #......#
#.{...# .. #......# #.....#
... ###.###..###@....###
#... #.....#.............
.##... #.#.###..###.......?
..... #.._..#..# #........
#... ###.#.#... .......#.
##... #.....#..##.......##
###..#.
###.##########.......
....#..
#.#####....................
#..................#..###..


There were no monsters in sight!

Vanquished Creatures
  An adder (D:2)
  2 dart slugs (D:1)
  4 leopard geckos
  2 bats (D:1)
  3 giant cockroaches
  2 goblins (D:1)
  3 hobgoblins
  2 jackals (D:1)
  7 kobolds
  A ball python (D:2)
  3 frilled lizards
  5 rats (D:1)
35 creatures vanquished.

Vanquished Creatures (others)
  8 goblins (D:2)
  2 hobgoblins (D:2)
  A bat (D:1)
11 creatures vanquished.

Grand Total: 46 creatures vanquished

Notes
Turn   | Place    | Note
-------+----------+-------------------------------------------
     0 | D:1      | Xenon25 the Troll Berserker began the quest for the Orb.
     0 | D:1      | Reached XP level 1. HP: 22/22 MP: 0/0
   107 | D:1      | Reached XP level 2. HP: 29/29 MP: 1/1
   629 | D:1      | Reached XP level 3. HP: 29/36 MP: 2/2
  1081 | D:2      | Reached ** piety under Trog
  1120 | D:2      | Found a faded altar of an unknown god.
  1210 | D:2      | Found an opulent altar of Gozag.
  1243 | D:2      | Noticed Sigmund
  1248 | D:2      | HP: 1/36 [something (1)]
  1250 | D:2      | Slain by Sigmund

Action                   || total
-------------------------++-------
Melee: Unarmed           ||    91
       Punch             ||     2
Invok: Berserk           ||     1
  Eat: Chunk             ||    11
       Ration            ||     1
Armor: Animal skin       ||    53
Dodge: Dodged            ||    59
